 Dungeon Crawl Stone Soup version 0.22-a0-423-g4197694 (webtiles) character file.

32 Gaball the Vexing (level 3, -4/26 HPs)
             Began as a Formicid Arcane Marksman on May 23, 2018.
             Slain by an adder (5 damage)
             ... on level 2 of the Dungeon.
             The game lasted 00:03:21 (1167 turns).

Gaball the Vexing (Formicid Arcane Marksman)        Turns: 1167, Time: 00:03:22

Health: -4/26      AC:  3    Str: 14    XL:     3   Next: 42%
Magic:  4/4        EV: 12    Int: 12    God:
Gold:   112        SH:  0    Dex: 12    Spells: 3/4 levels left

rFire    . . .     SeeInvis +   a - +0 hand crossbow
rCold    . . .     Gourm    .   (no shield)
rNeg     + . .     Faith    .   e - +0 robe
rPois    .         Spirit   .   (helmet unavailable)
rElec    .         Reflect  .   p - +0 cloak
rCorr    .         Harm     .   (no gloves)
MR       .....                  (no boots)
Stlth    ++........             (no amulet)
HPRegen  0.08/turn              i - ring of positive energy
MPRegen  0.09/turn              k - ring of stealth

@: lethally poisoned (-4 -> -14)
A: permanent stasis, dig shafts and tunnels, four strong arms, antennae 3
a: Dig, Shaft Self


You were on level 2 of the Dungeon.
You were not hungry.

You visited 1 branch of the dungeon, and saw 2 of its levels.

You collected 112 gold pieces.

Inventory:

Hand Weapons
 a - a +0 hand crossbow (weapon)
 c - a +0 spear
Missiles
 d - 32 bolts (quivered)
Armour
 e - a +0 robe (worn)
 p - a +0 cloak (worn)
Jewellery
 i - a ring of positive energy (left hand)
 k - a ring of stealth (right hand)
 r - an uncursed ring of protection from magic {unknown}
Wands
 l - a wand of iceblast (13)
Scrolls
 b - a scroll of immolation {unknown}
 g - 2 scrolls of enchant weapon {unknown}
 h - 2 scrolls of remove curse {unknown}
 j - 2 scrolls of teleportation {unknown}
 m - 3 scrolls of identify {unknown}
Potions
 n - a potion of agility {unknown}
 o - a potion of flight {unknown}
 q - 2 potions of mutation {unknown}
Comestibles
 f - 3 rations


   Skills:
 - Level 1.1 Fighting
 + Level 3.6 Crossbows
 - Level 1.7 Dodging
 - Level 1.1 Spellcasting
 - Level 3.6 Hexes


You had 3 spell levels left.
You knew the following spells:

 Your Spells              Type           Power        Failure   Level  Hunger
a - Corona                Hex            #......      7%          1    ##.....

Your spell library contained the following spells:

 Spells                   Type           Power        Failure   Level  Hunger
 Cause Fear               Hex            #.........   56%         4    #####..
 Slow                     Hex            #.......     11%         2    ###....
 Portal Projectile        Hex/Tloc       #.....       38%         3    ####...
 Leda's Liquefaction      Hex/Erth       #.........   80%         4    #####..
 Inner Flame              Hex/Fire       #.......     38%         3    ####...


Dungeon Overview and Level Annotations

Branches:
Dungeon (2/15)

Altars:


Innate Abilities, Weirdness & Mutations

You cannot be hasted, slowed, berserked, paralysed or teleported.
You can dig through walls and to a lower floor.
Your four strong arms can wield two-handed weapons with a shield.
You have a pair of large antennae on your head. (SInv)


Message History

* * * LOW HITPOINT WARNING * * *
You are lethally poisoned!
The adder poisons you! The adder bites you.
* * * LOW HITPOINT WARNING * * *
You are more poisoned.
The adder poisons you!
Firing (i - inventory)
d - 34 bolts (quivered)
Press: ? - help, Shift-Dir - straight line, f/p - adder
Aim: an adder (heavily wounded)
You shoot a bolt. The bolt closely misses the adder.
* * * LOW HITPOINT WARNING * * *
You feel sick. The adder misses you.
Firing (i - inventory)
d - 33 bolts (quivered)
Press: ? - help, Shift-Dir - straight line, f/p - adder
Aim: an adder (heavily wounded)
You shoot a bolt. The bolt hits the adder.
The adder is almost dead.
* * * LOW HITPOINT WARNING * * *
You feel sick. The adder bites you.
You die...

.# . #.# #.#.# #.#
###.#######.#.# #.#
#.............###.## #.#.#
#............# {
#.#.###.#)...# #..### #
#####............# #..##.
[...#.......###.#<.#.####..#..
#....(.....S@(....>..........
............###.#..#.#####.#..
#########.### #.#..#..........
#.# #.#..#######.### #..
.....# #.# #.## #.##.# #.# #..
...... ..# ### ####### ###


You could see an adder.

Vanquished Creatures
  A worm (D:2)
  2 dart slugs (D:1)
  5 bats
  2 goblins (D:1)
  5 hobgoblins
  A frilled lizard (D:1)
  3 kobolds
  6 rats
25 creatures vanquished.

Notes
Turn   | Place    | Note
-------+----------+-------------------------------------------
     0 | D:1      | Gaball the Formicid Arcane Marksman began the quest for the Orb.
     0 | D:1      | Reached XP level 1. HP: 15/15 MP: 2/2
    94 | D:1      | Reached XP level 2. HP: 3/21 MP: 3/3
   615 | D:1      | Reached XP level 3. HP: 20/26 MP: 4/4
  1004 | D:2      | Noticed an ogre
  1167 | D:2      | HP: 1/26 [poisoned by an adder]
  1167 | D:2      | Slain by an adder

Vault maps used:
D:1:      doesnt_arrival_eight_statues, serial_corexii_hall,
          corexii_hall_statues_s, corexii_hall_statues_deadend,
          corexii_hall_statues_x, corexii_hall_statues_deadend, corner_web_ring

Skill      XL: |  1  2 |
---------------+-------+-----
Crossbows      | 3 |  3.6
Fighting       | |  1.1
Dodging        | |  1.7
Spellcasting   | |  1.1
Hexes          | |  3.6

Action                   || total
-------------------------++-------
Melee: Spear             ||    92
 Fire: Hand crossbow     ||    14
 Stab: Sleeping          ||     3
  Eat: Chunk             ||     1
Armor: Robe              ||    19
Dodge: Dodged            ||    66

Table legend:
 A = Spawn XP
 B = Non-spawn XP
 C = Spawn XP percentage of total XP
 D = Spawn monster count
 E = Non-spawn monster count
 F = Spawn count percentage of total count
 G = Total turns spent on level
                    A         B        C        D         E        F      G
               +---------+---------+-------+---------+---------+-------+---------
         Total |       0 |      46 |   0.0 |       0 |      25 |   0.0 |  1167
               +---------+---------+-------+---------+---------+-------+---------
           D:1 |       0 |      35 |   0.0 |       0 |      20 |   0.0 |  1016
           D:2 |       0 |      11 |   0.0 |       0 |       5 |   0.0 |   151
               +---------+---------+-------+---------+---------+-------+---------
